 Dungeon Crawl Stone Soup version 0.18.1-6-gd335043 (webtiles) character file.

22593 Lovchig the Blocker (level 12, -4/106 HPs)
             Began as a Minotaur Fighter on May 18, 2016.
             Was a High Priest of Kikubaaqudgha.
             Killed from afar by Aizul (28 damage)
             ... with a bolt of poison
             ... on level 1 of the Snake Pit.
             The game lasted 01:15:00 (14157 turns).

Lovchig the Blocker (Minotaur Fighter)             Turns: 14157, Time: 01:15:02

Health: -4/106     AC: 27    Str: 21    XL:     12   Next: 64%
Magic:  11/11      EV: 12    Int:  8    God:    Kikubaaqudgha [*****.]
Gold:   231        SH: 20    Dex: 19    Spells: 0 memorised, 11 levels left

rFire  . . .     SeeInvis .     g - +2 hand axe (pain)
rCold  . . .     Gourm    .     F - +6 plate armour of the Invisible Hand {rCorr Str-5 Int+3 Dex+9}
rNeg   . . .     Faith    .     c - +4 shield
rPois  .         Spirit   .     (helmet restricted)
rElec  .         Dismiss  .     e - +1 cloak
rCorr  +         Reflect  +     (no gloves)
SustAt .         Harm     .     (no boots)
MR     +....                    r - +2 amulet of reflection
Stlth  ..........               T - ring of protection from magic
                                w - +4 ring of protection

@: lethally poisoned (-4 -> -28), about to teleport, somewhat resistant to
hostile enchantments, extremely unstealthy
A: retaliatory headbutt, horns 2
a: Receive Corpses, Torment, Renounce Religion


You were on level 1 of the Snake Pit.
You worshipped Kikubaaqudgha.
Kikubaaqudgha was extremely pleased with you.
You were not hungry.

You visited 3 branches of the dungeon, and saw 14 of its levels.

You collected 319 gold pieces.

Inventory:

Hand Weapons
 g - a +2 hand axe of pain (weapon)
 s - a +1 battleaxe of chopping
Armour
 c - a +4 shield (worn)
 e - a +1 cloak (worn)
 F - the +6 plate armour of the Invisible Hand (worn) {rCorr Str-5 Int+3 Dex+9}
   (You found it on level 5 of the Dungeon)

   It affects your strength (-5).
   It affects your intelligence (+3).
   It affects your dexterity (+9).
   It protects you from acid and corrosion.
Jewellery
 a - an uncursed ring of fire
 r - a +2 amulet of reflection (around neck)
 w - a +4 ring of protection (left hand)
 z - an uncursed ring of positive energy
 M - an uncursed ring of ice
 T - a ring of protection from magic (right hand)
Wands
 h - a wand of confusion (29/48)
 n - a wand of iceblast (8/15)
 t - a wand of lightning (2/15)
 y - a wand of digging (2/24)
 K - a wand of enslavement (1/24)
 L - a wand of confusion (28/48)
 Q - a wand of acid (6/15)
Scrolls
 d - 2 scrolls of silence
 l - 3 scrolls of noise
 m - 2 scrolls of magic mapping
 q - 3 scrolls of fog
 u - a scroll of fear
 E - 2 scrolls of remove curse
 P - 3 scrolls of teleportation
 S - 2 scrolls of identify
 V - 2 scrolls of amnesia
 X - a scroll of summoning
Potions
 i - a potion of cancellation
 o - 3 potions of haste
 p - a potion of ambrosia
 v - 2 potions of cure mutation
 A - a potion of lignification
 C - a potion of resistance
 D - 2 potions of agility
 G - a potion of magic
 H - 3 potions of flight
 J - a potion of degeneration
Books
 b - Kikubaaqudgha's Guide on Evil
   (Kikubaaqudgha gifted it to you on level 3 of the Dungeon)

   Spells                             Type                      Level
   a - Pain                           Necromancy                   1
   b - Corpse Rot                     Necromancy                   2
   c - Sublimation of Blood           Necromancy                   2
   d - Vampiric Draining              Necromancy                   3
   e - Control Undead                 Necromancy                   4
 O - a book of Annihilations

   Spells                             Type                      Level
   a - Poison Arrow                   Conjuration/Poison           6
   b - Chain Lightning                Conjuration/Air              8
   c - Lehudib's Crystal Spear        Conjuration/Earth            8
   d - Glaciate                       Conjuration/Ice              9
   e - Fire Storm                     Conjuration/Fire             9
Miscellaneous
 R - a legendary deck of defence {drawn: 1}
Comestibles
 f - 8 bread rations
 j - 3 slices of pizza
 k - 7 meat rations
 x - 14 fruits
 B - 6 beef jerkies
 I - 10 royal jellies


   Skills:
 * Level 10.2 Fighting
 * Level 12.4 Axes
 * Level 11.0 Armour
 * Level 8.4 Dodging
 + Level 1.5 Stealth
 * Level 14.4 Shields
 + Level 0.1 Necromancy


You had 11 spell levels left.
You didn't know any spells.

Dungeon Overview and Level Annotations

Branches:
Dungeon (9/15)             Temple (0/1) D:5            Lair (4/8) D:9
  Snake (1/4) Lair:4
  Swamp: Lair:3-6    Shoals: Lair:3-6       Orc: D:9-12

Altars:
Ashenzari
Elyvilon
Fedhas
Gozag
Kikubaaqudgha
Nemelex Xobeh
Pakellas
Qazlal
Ru
Sif Muna
Trog
Xom
Yredelemnul
Zin
The Shining One

Shops:
D:5 :   D:9 }

Annotations:
D:8 Maurice
Snake:1 Aizul


Innate Abilities, Weirdness & Mutations

You reflexively headbutt those who attack you in melee.
You have a pair of horns on your head.


Message History

You are no longer poisoned.
Aizul the Neglectful Guardian comes into view.
Aizul shouts!
Aizul coils himself and waves his upper body at you.
The bolt of poison hits you!
You are poisoned.
* * * LOW HITPOINT WARNING * * *
You see here a potion of cure mutation.
v - 2 potions of cure mutation (gained 1)
You feel sick.
Drink which item? (? for menu, Esc to quit)
Okay, then.
Read which item? (? for menu, Esc to quit)
As you read the scroll of teleportation, it crumbles to dust.
You feel strangely unstable.
You feel sick. Aizul casts a spell at you. The bolt of poison hits you!
You are lethally poisoned!
You die...
Kikubaaqudgha rasps: "You have failed me!
Welcome... death!"

#..........
##..........
##........###
#......#.##
###.....#..#
####......##..#
..##.........#
..#
.............#
#
...S...@.....#
............##
............#
............#
...........##
...........#
...........#
#..........#


You could see Aizul.

Vanquished Creatures
  Fannar (Lair:2)
  A hydra (Lair:3)
  4 death yaks (Lair:4)
  A naga sharpshooter (Snake:1)
  An elephant (D:9)
  3 black mambas
  5 spiny frogs
  7 komodo dragons
  A rime drake (Lair:2)
  A two-headed ogre (D:8)
  Prince Ribbit (D:6)
  5 blink frogs (Lair:1)
  5 boulder beetles (Lair:4)
  25 yaks
  4 hippogriffs
  A basilisk (Lair:2)
  Edmund (D:5)
  2 soldier ants (D:8)
  2 nagas (Snake:1)
  5 porcupines
  3 water moccasins
  2 orc warriors
  An ice beast (D:8)
  A sky beast (D:5)
  4 black bears
  2 necrophages (D:9)
  2 phantoms
  2 wasps
  6 ogres
  4 wolves (Lair:4)
  2 centaurs
  The ghost of Wooh the Slasher, an amateur HESk of Dithmenos (D:3)
  9 crocodiles
  A gnoll sergeant (D:6)
  11 giant frogs
  3 scorpions
  3 crimson imps
  3 orc priests
  4 hounds
  A giant frog skeleton (D:8)
  3 gnoll shamans (D:6)
  A jelly (D:9)
  5 orc wizards
  7 iguanas
  7 worker ants
  6 sheep
  A worker ant zombie (D:8)
  44 gnolls
  28 river rats
  6 adders
  A shadow imp (D:5)
  2 oozes
  2 worms
  4 dart slugs
  2 giant geckos (D:5)
  17 orcs
  6 giant cockroaches
  9 goblins
  10 hobgoblins
  22 jackals
  10 kobolds
  3 quokkas
  5 ball pythons
  6 bats (D:1)
  6 giant newts
  2 jackal skeletons
  A quokka zombie (D:5)
  8 rats
365 creatures vanquished.

Vanquished Creatures (others)
  A wyvern (D:9)
  A yak (Lair:4)
  A centaur (D:5)
  An orc (D:4)
  7 fungi
  2 plants (Lair:4)
13 creatures vanquished.

Grand Total: 378 creatures vanquished

Notes
Turn   | Place    | Note
--------------------------------------------------------------
     0 | D:1      | Lovchig the Minotaur Fighter began the quest for the Orb.
     0 | D:1      | Reached XP level 1. HP: 19/19 MP: 0/0
   224 | D:1      | Reached XP level 2. HP: 27/27 MP: 1/1
   768 | D:1      | Reached XP level 3. HP: 33/33 MP: 2/2
  1068 | D:2      | Reached skill level 4 in Shields
  1115 | D:2      | Reached skill level 1 in Dodging
  1360 | D:2      | Reached XP level 4. HP: 25/41 MP: 3/3
  1479 | D:2      | Found an ancient bone altar of Kikubaaqudgha.
  1493 | D:2      | Became a worshipper of Kikubaaqudgha
  2092 | D:3      | Reached XP level 5. HP: 43/47 MP: 4/4
  2144 | D:3      | Found a shimmering altar of Xom.
  2154 | D:3      | Reached * piety under Kikubaaqudgha
  2154 | D:3      | Received a gift from Kikubaaqudgha
  2157 | D:3      | Identified Kikubaaqudgha's Guide on Evil (Kikubaaqudgha gifted it to you on level 3 of the Dungeon)
  2186 | D:3      | Noticed Wooh's ghost (amateur HESk)
  2201 | D:3      | Killed Wooh's ghost
  2253 | D:3      | Reached skill level 5 in Armour
  2254 | D:3      | Reached XP level 6. HP: 47/53 MP: 5/5
  2745 | D:4      | Reached skill level 5 in Shields
  2986 | D:4      | Reached skill level 5 in Fighting
  3190 | D:5      | Entered Level 5 of the Dungeon
  3210 | D:5      | Noticed Edmund
  3247 | D:5      | Killed Edmund
  3247 | D:5      | Reached XP level 7. HP: 31/61 MP: 6/6
  3252 | D:5      | Found a glowing silver altar of Zin.
  3312 | D:5      | Reached skill level 5 in Axes
  3334 | D:5      | Found Soziohuxt's Book Emporium.
  3364 | D:5      | Found a staircase to the Ecumenical Temple.
  3504 | D:5      | Reached skill level 6 in Shields
  3524 | D:5      | Found a glowing golden altar of the Shining One.
  3628 | D:5      | Got a jade-encrusted plate armour
  3639 | D:5      | Identified the +6 plate armour of the Invisible Hand {rCorr Str-5 Int+3 Dex+9} (You found it on level 5 of the Dungeon)
  3650 | D:5      | Found a sacrificial altar of Ru.
  3710 | D:5      | Reached XP level 8. HP: 69/69 MP: 7/7
  3753 | D:5      | Found an opulent altar of Gozag.
  3979 | D:6      | Noticed Prince Ribbit
  4012 | D:6      | Killed Prince Ribbit
  4012 | D:6      | Reached ** piety under Kikubaaqudgha
  4012 | D:6      | Reached skill level 7 in Shields
  4704 | D:6      | Reached skill level 8 in Shields
  4926 | D:6      | Reached XP level 9. HP: 69/75 MP: 8/8
  5077 | D:6      | Reached *** piety under Kikubaaqudgha
  5077 | D:6      | Received a gift from Kikubaaqudgha
  5080 | D:6      | Identified Kikubaaqudgha's Tome of Evil (Kikubaaqudgha gifted it to you on level 6 of the Dungeon)
  5589 | D:7      | Found a deep blue altar of Sif Muna.
  5591 | D:7      | Found a bloodstained altar of Trog.
  6186 | D:8      | Reached skill level 5 in Dodging
  6199 | D:8      | Reached skill level 9 in Shields
  6243 | D:8      | Found a white marble altar of Elyvilon.
  6254 | D:8      | Found a shattered altar of Ashenzari.
  6675 | D:8      | Noticed Maurice
  6692 | D:8      | Reached skill level 10 in Shields
  7033 | D:8      | Found a sparkling altar of Nemelex Xobeh.
  7218 | D:8      | Reached XP level 10. HP: 45/86 MP: 9/9
  7254 | D:9      | Found a staircase to the Lair.
  7254 | D:9      | Noticed an elephant
  7282 | D:9      | Reached **** piety under Kikubaaqudgha
  7285 | D:9      | Killed an elephant
  7424 | D:9      | Found an oddly glowing altar of Pakellas.
  7424 | D:9      | Noticed an orange crystal statue
  7537 | D:9      | Found Musuf's Gadget Boutique.
  7537 | D:9      | Found a blossoming altar of Fedhas.
  7606 | D:9      | Found a stormy altar of Qazlal.
  7821 | D:9      | Found a basalt altar of Yredelemnul.
  8020 | Lair:1   | Entered Level 1 of the Lair of Beasts
  8044 | Lair:1   | Reached skill level 11 in Shields
  8137 | Lair:1   | Noticed a black mamba
  8147 | Lair:1   | Killed a black mamba
  8537 | Lair:1   | Reached skill level 10 in Axes
  8537 | Lair:1   | Reached XP level 11. HP: 88/95 MP: 10/10
  8600 | Lair:1   | Reached ***** piety under Kikubaaqudgha
  9234 | Lair:2   | Reached skill level 12 in Shields
  9402 | Lair:2   | Noticed Fannar
  9455 | Lair:2   | Killed Fannar
 10345 | Lair:3   | Reached skill level 10 in Armour
 10576 | Lair:3   | Reached skill level 13 in Shields
 11583 | Lair:4   | Reached XP level 12. HP: 84/105 MP: 11/11
 12022 | Lair:4   | Noticed a five-headed hydra
 12063 | Lair:3   | Killed an eight-headed hydra
 12539 | Lair:4   | Noticed a death yak
 12539 | Lair:4   | Noticed a death yak
 12540 | Lair:4   | Noticed a death yak
 12541 | Lair:4   | Noticed a death yak
 12555 | Lair:4   | Killed a death yak
 12565 | Lair:4   | Killed a death yak
 12565 | Lair:4   | Reached skill level 1 in Stealth
 12567 | Lair:4   | Killed a death yak
 12567 | Lair:4   | Reached skill level 14 in Shields
 12573 | Lair:4   | Killed a death yak
 12573 | Lair:4   | Reached skill level 10 in Fighting
 12911 | Lair:4   | Found a staircase to the Snake Pit.
 14008 | Snake:1  | Entered Level 1 of the Snake Pit
 14154 | Snake:1  | Noticed Aizul
 14157 | Snake:1  | Killed from afar by Aizul

Skill      XL: |  1  2  3  4  5  6  7  8  9 10 11 12 |
---------------+-------------------------------------+-----
Fighting       | 4 5 6 7 8 9 10 | 10.2
Armour         | 4 5 6 7 8 9 10 11 | 11.0
Shields        | 4 5 6 8 10 11 13 14 | 14.4
Dodging        | 1 2 3 4 5 6 7 8 |  8.4
Axes           | 3 4 5 6 8 10 11 12 | 12.4
Stealth        | 1 |  1.5
Necromancy     | |  0.1

Action                   |  1- 3 |  4- 6 |  7- 9 | 10-12 || total
-------------------------+-------+-------+-------+-------++-------
Melee: War axe           |    89 |    68 |       |       ||   157
       Headbutt          |    15 |    39 |   138 |   359 ||   551
       Hand axe          |       |   125 |   521 |   942 ||  1588
       Unarmed           |       |       |    15 |       ||    15
Invok: Receive Corpses   |       |     1 |       |       ||     1
Evoke: Wand              |       |       |     2 |     9 ||    11
       Deck              |       |       |       |     1 ||     1
  Use: Potion            |       |     3 |       |     8 ||    11
       Scroll            |       |    11 |     6 |    20 ||    37
 Stab: Invisible         |       |       |       |     5 ||     5
  Eat: Chunk             |     1 |     7 |    12 |    16 ||    36
       Bread ration      |       |       |       |     3 ||     3
Armor: Scale mail        |    67 |     3 |       |       ||    70
       Chain mail        |       |    64 |    20 |       ||    84
       Plate armour      |       |       |   200 |   303 ||   503
       Skin              |       |       |    32 |       ||    32
Dodge: Dodged            |    27 |    37 |   103 |   214 ||   381
Block: Shield            |    46 |    98 |   377 |   729 ||  1250
       Reflection        |       |     3 |    13 |    11 ||    27
       Other             |       |       |     3 |       ||     3
